 Dungeon Sprint DCSS version 0.31-a0-1278-g11c5b68f87 (webtiles) character file.

Game seed: 1964201755218531613

326 fozzywoppz the Covert (level 6, -2/28 HPs)
             Began as a Spriggan Enchanter on Dec 18, 2023.
             Was a Priest of Sif Muna.
             Slain by a warg (18 damage)
             ... in the Dungeon (Sprint VII: "The Pits").
             The game lasted 00:03:11 (412 turns).

fozzywoppz the Covert (Spriggan Enchanter)           Turns: 412, Time: 00:03:11

Health: -2/28      AC:  2    Str:  4    XL:     6   Next: 24%
Magic:  5/16       EV: 24    Int: 16    God:    Sif Muna [***...]
Gold:   0          SH:  0    Dex: 18    Spells: 6/17 levels left

rFire   . . .        m - +4 dagger (venom)
rCold   . . .        (no shield)
rNeg    . . .        b - +0 robe
rPois   .            (helmet restricted)
rElec   .            (no cloak)
rCorr   .            (gloves unavailable)
SInv    +            (boots unavailable)
Will    +....        (no amulet)
Stlth   +++++        (no ring)
HPRegen 0.24/turn    (no ring)
MPRegen 0.15/turn

%: no teleportation
@: confusing by touch, very quick
A: very small, no large weapons, unfitting armour, see invisible, speed 3
a: Renounce Religion, Channel Magic, Forget Spell


You were in the Dungeon.
You worshipped Sif Muna.
Sif Muna was most pleased with you.
You visited 1 branch

Inventory:

Hand Weapons
 j - a +2 dagger
 m - a +4 dagger of venom (weapon)
Armour
 b - a +0 robe (worn)
Scrolls
 a - 2 scrolls of vulnerability
 i - a scroll of blinking
 k - 5 scrolls of amnesia
 l - a scroll of summoning
Potions
 c - 4 potions of invisibility
 d - 6 potions of curing
 e - 6 potions of heal wounds
 f - a potion of haste
 g - 4 potions of magic
 h - 3 potions of berserk rage


   Skills:
 + Level 6.9 Short Blades
 + Level 9.5 Dodging
 + Level 10.8 Stealth
 - Level 6.0 Spellcasting
 + Level 1.3 Conjurations
 - Level 6.0 Hexes
 + Level 1.8 Invocations


You had 6 spell levels left.
You knew the following spells:

 Your Spells              Type           Power      Damage    Failure   Level
a - Ensorcelled Hibernat  Hex/Ice        28%        N/A       6%          2
b - Confusing Touch       Hex            24%        N/A       3%          3
c - Tukima's Dance        Hex            24%        N/A       3%          3
d - Dazzling Flash        Conj/Hex       32%        N/A       9%          3

Your spell library contained the following spells:

 Spells                   Type           Power      Damage    Failure   Level


Dungeon Overview and Level Annotations

Branches:
Dungeon (1/1)

Altars:
Ashenzari
Cheibriados
Dithmenos
Elyvilon
Fedhas
Gozag
Hepliaklqana
Kikubaaqudgha
Makhleb
Nemelex Xobeh
Okawaru
Qazlal
Ru
Sif Muna
Trog
Uskayaw
Vehumet
Wu Jian
Xom
Yredelemnul
Zin
The Shining One
Jiyva
Lugonu


Innate Abilities, Weirdness & Mutations

You are very small and have problems with some larger weapons.
You are too small for most types of armour.
You have supernaturally acute eyesight. (SInv)
You cover ground extremely quickly. (Speed+++)


Message History

Aim: a warg (chance to affect: 30%)
The warg easily resists.
The warg bites you.
Casting: Ensorcelled Hibernation (safe; 6% risk of failure)
Confirm with . or Enter, or press ? or * to list all spells.
Aiming: Ensorcelled Hibernation (safe; 6% risk of failure)
Press: ? - help, Shift-Dir - straight line, f/p - warg
Aim: a warg (chance to affect: 30%)
The warg easily resists.
The warg misses you.
Casting: Ensorcelled Hibernation (safe; 6% risk of failure)
Confirm with . or Enter, or press ? or * to list all spells.
Aiming: Ensorcelled Hibernation (safe; 6% risk of failure)
Press: ? - help, Shift-Dir - straight line, f/p - warg
Aim: a warg (chance to affect: 30%)
The warg easily resists.
The warg closely misses you. The warg misses you.
Unknown command.
You aren't carrying any items that you can evoke.
Casting: Ensorcelled Hibernation (safe; 6% risk of failure)
Confirm with . or Enter, or press ? or * to list all spells.
You don't know that spell.
Unknown command.
Casting: Ensorcelled Hibernation (safe; 6% risk of failure)
Confirm with . or Enter, or press ? or * to list all spells.
Aiming: Tukima's Dance (dangerous; 3% risk of failure)
Press: ? - help, Shift-Dir - straight line, f - kobold brigand, p - warg
Aim: a kobold brigand, wielding a +0 whip and quivering poisoned darts (chance to affect: 55%)
Okay, then.
Casting: Tukima's Dance (dangerous; 3% risk of failure)
Confirm with . or Enter, or press ? or * to list all spells.
Aiming: Ensorcelled Hibernation (safe; 6% risk of failure)
Press: ? - help, Shift-Dir - straight line, f/p - warg
Aim: a warg (chance to affect: 30%)
Okay, then.
Casting: Ensorcelled Hibernation (safe; 6% risk of failure)
Confirm with . or Enter, or press ? or * to list all spells.
Your hands begin to glow red.
The warg completely misses you.
You miss the warg. The warg bites you!
You barely miss the warg. The warg completely misses you.
You hit the warg but do no damage. The warg bites you!!
Ouch! That really hurt!
You die...

#.....†.÷...'.....
#'#####'#####.....
#.#..#..#..##.....
#.#÷.'..'..#####'#
#.##'####'###.....
#.#...†....##.....
#.#........##.....
#.#####'#####...<.
#@#..[))...##.....
#h#..[)))..##.....
#5###########.....
#KS.....# ######
#..###..#
#...h...#
##.###.## ... ..#


You could see a warg, a kobold brigand, an iron imp and a ball python.

Vanquished Creatures
  A glass eye (D)
  A bullfrog (D)
  A scorpion (D)
  A river rat (D)
  An ufetubus (D)
  An endoplasm (D)
  A hobgoblin (D)
  3 jackals (D)
  A quokka (D)
  A frilled lizard (D)
  A quokka skeleton (D)
  A rat (D)
14 creatures vanquished.

Notes
Turn   | Place    | Note
-------+----------+-------------------------------------------
     0 | D        | fozzywoppz the Spriggan Enchanter began the quest for the
                  | Orb.
     0 | D        | Reached XP level 1. HP: 9/9 MP: 5/5
    12 | D        | Reached skill level 5 in Stealth
    36 | D        | Found a glowing golden altar of the Shining One.
    36 | D        | Found a glowing silver altar of Zin.
    36 | D        | Found a basalt altar of Yredelemnul.
    36 | D        | Found a shimmering altar of Xom.
    36 | D        | Found an ornate altar of the Wu Jian Council.
    36 | D        | Found a bloodstained altar of Trog.
    36 | D        | Found a shimmering blue altar of Sif Muna.
    36 | D        | Found a sacrificial altar of Ru.
    36 | D        | Found a stormy altar of Qazlal.
    36 | D        | Found an iron altar of Okawaru.
    36 | D        | Found a sparkling altar of Nemelex Xobeh.
    36 | D        | Found a burning altar of Makhleb.
    36 | D        | Found a viscous altar of Jiyva.
    36 | D        | Found a hazy altar of Hepliaklqana.
    36 | D        | Found an opulent altar of Gozag.
    36 | D        | Found a blossoming altar of Fedhas.
    36 | D        | Found a white marble altar of Elyvilon.
    36 | D        | Found a shadowy altar of Dithmenos.
    36 | D        | Found a snail-covered altar of Cheibriados.
    37 | D        | Found a radiant altar of Vehumet.
    37 | D        | Found a corrupted altar of Lugonu.
    38 | D        | Found an ancient bone altar of Kikubaaqudgha.
    38 | D        | Found a hide-covered altar of Uskayaw.
    38 | D        | Found a broken altar of Ashenzari.
    41 | D        | Became a worshipper of Sif Muna the Loreminder
    57 | D        | Reached XP level 2. HP: 13/13 MP: 5/7
    58 | D        | Reached * piety under Sif Muna
    62 | D        | Noticed a glass eye
    82 | D        | Reached ** piety under Sif Muna
   190 | D        | Learned a level 2 spell: Ensorcelled Hibernation
   201 | D        | Noticed a scorpion
   230 | D        | Killed a scorpion
   230 | D        | Reached *** piety under Sif Muna
   231 | D        | Reached skill level 5 in Dodging
   231 | D        | Reached skill level 7 in Stealth
   231 | D        | Reached skill level 5 in Spellcasting
   231 | D        | Reached skill level 5 in Hexes
   231 | D        | Reached XP level 3. HP: 16/16 MP: 4/10
   231 | D        | Reached XP level 4. HP: 21/21 MP: 4/12
   337 | D        | Killed a glass eye
   338 | D        | Reached skill level 10 in Stealth
   338 | D        | Reached XP level 5. HP: 24/24 MP: 8/14
   345 | D        | Learned a level 3 spell: Confusing Touch
   349 | D        | Learned a level 3 spell: Tukima's Dance
   353 | D        | Learned a level 3 spell: Dazzling Flash
   397 | D        | Noticed a warg
   403 | D        | Reached skill level 1 in Conjurations
   403 | D        | Reached skill level 1 in Invocations
   403 | D        | Reached XP level 6. HP: 28/28 MP: 13/16
   412 | D        | Slain by a warg

Illustrated notes

Levels and vault maps discovered:
D:        pitsprint [storerooms_1, entrance_room_1, metal_vault_7, armoury_3,
          mini_pit_1, grid_room_1, main_hall_1, silver_pit, the_coven_3,
          the_vestibule_1, steel_vault_3, golden_pit, hallway_of_sentries,
          crystal_vault_5, iron_vault_1, final_vault]

Skill      XL: |  1  2  3  4  5 |
---------------+----------------+-----
Short Blades   | 2 4 6 |  6.9
Dodging        | 3 5 9 |  9.5
Stealth        | 5 7 10 | 10.8
Spellcasting   | 3 5 6 |  6.0
Hexes          | 4 5 6 |  6.0
Conjurations   | 1 |  1.3
Invocations    | 1 |  1.8

Action                     |  1- 3 |  4- 6 || total
---------------------------+-------+-------++-------
  Melee: Dagger            |    22 |    23 ||    45
   Cast: Ensorcelled Hiber |     2 |     7 ||     9
         Confusing Touch   |       |     1 ||     1
   Stab: Sleeping          |     6 |     2 ||     8
 Armour: Robe              |     3 |     3 ||     6
  Dodge: Dodged            |     8 |     7 ||    15

Table legend: (Time is in decaauts)
 A = Elapsed time spent in this place.
 B = Non-inter-level travel time spent in this place.
 C = Inter-level travel time spent in this place.
 D = Time resting spent in this place.
 E = Time spent auto-exploring this place.
 F = Levels seen in this place.
 G = Mean time per level.
                   A        B        C        D        E       F      G
               +--------+--------+--------+--------+--------+-----+--------+
         Total |    351 |    351 |      0 |    185 |      0 |   1 |  351.0 |
       Dungeon |    351 |    351 |      0 |    185 |      0 |   1 |  351.0 |
               +--------+--------+--------+--------+--------+-----+--------+

Top non-repeatable levels by time:
       D: 351 daAuts
